 Dungeon Crawl Stone Soup version 0.22.1-1-ga44c0e5 (webtiles) character file.

413 Folque the Ruffian (level 6, -5/61 HPs)
             Began as a Troll Monk on Sept 27, 2018.
             Killed from afar by Dowan (9 damage)
             ... with a puff of flame
             ... on level 4 of the Dungeon.
             The game lasted 00:06:13 (2099 turns).

Folque the Ruffian (Troll Monk)                     Turns: 2099, Time: 00:06:14

Health: -5/61      AC:  5    Str: 22    XL:     6   Next: 59%
Magic:  5/5        EV: 11    Int: 11    God:
Gold:   152        SH:  0    Dex: 12    Spells: 5/5 levels left

rFire    . . .     SeeInvis .     - Unarmed
rCold    . . .     Gourm    +   (no shield)
rNeg     . . .     Faith    .   a - +0 robe
rPois    .         Spirit   .   (helmet restricted)
rElec    .         Reflect  .   (no cloak)
rCorr    .         Harm     .   (gloves unavailable)
MR       .....                  (boots unavailable)
Stlth    +.........             (no amulet)
HPRegen  0.60/turn              (no ring)
MPRegen  0.09/turn              (no ring)

@: brilliant, flying, hasted, glowing, very quick
A: large, unfitting armour, claws 3, fast metabolism 3, gourmand, regeneration
1, shaggy fur 1, tough skin 2
a: no special abilities


You were on level 4 of the Dungeon.
You were completely stuffed.

You visited 1 branch of the dungeon, and saw 4 of its levels.

You collected 152 gold pieces.

Inventory:

Missiles
 h - 2 tomahawks (quivered)
Armour
 a - a +0 robe (worn)
Jewellery
 o - an uncursed ring of stealth {unknown}
Scrolls
 c - a scroll of remove curse {unknown}
 j - 3 scrolls of teleportation {unknown}
 k - a scroll of amnesia {unknown}
 l - a scroll of enchant weapon {unknown}
Potions
 e - a potion of might
 f - a potion of invisibility
 g - a potion of mutation
Comestibles
 b - 7 rations


   Skills:
 - Level 3.1 Fighting
 + Level 3.5 Dodging
 - Level 1.0 Stealth
 * Level 6.4 Unarmed Combat


You had 5 spell levels left.
You didn't know any spells.
Your spell library was empty.

Dungeon Overview and Level Annotations

Branches:
Dungeon (4/15)
 Temple: D:4-7

Altars:
Cheibriados
Trog
Vehumet
Xom

Annotations:
D:4 Dowan, Duvessa


Innate Abilities, Weirdness & Mutations

You are too large for most types of armour.
You have claws for hands.
Your metabolism is lightning-fast.
You like to eat raw meat.
Your natural rate of healing is unusually fast.
You are covered in fur. (AC +1)
You have very tough skin. (AC +2)


Message History

Dowan casts a spell at you. The puff of flame misses you.
It was a potion of brilliance.
You feel clever all of a sudden.
It was a potion of flight.
You feel very buoyant.
You fly up into the air.
Dowan casts a spell at Duvessa.
Duvessa seems to speed up.
Dowan points at you and mumbles some strange words.
The puff of frost hits you!
* * * LOW HITPOINT WARNING * * *
Throwing (i - inventory)
h - 3 tomahawks (quivered)
Press: ? - help, Shift-Dir - straight line, f - Duvessa, p - Dowan
Aim: Duvessa, wielding a short sword and wearing a leather armour (severely You throw a tomahawk.
The tomahawk misses Dowan.
The tomahawk closely misses Duvessa.
Dowan casts a spell at you. The puff of flame hits you!
You die...

###.##### #..# #.......#
#..######
#.......####.......######
#.......#......w.........
#.......e....#####...###.
#.......e##### ###(....
###.####.# ....[...#...
#.#....# .......e# ..
#.#...@# .?.....## .
#.#.............w.
#.#.....##.......(
#......>. .......
###....### .....(. #....#
#....# ######


You could see Duvessa and Dowan.

Vanquished Creatures
  A phantom (D:4)
  A scorpion (D:4)
  A hound (D:3)
  2 orc priests
  2 orc wizards (D:3)
  A worker ant (D:2)
  3 adders (D:2)
  3 worms
  2 dart slugs (D:2)
  2 leopard geckos
  14 orcs
  3 giant cockroaches
  4 goblins
  6 hobgoblins
  A quokka (D:2)
  7 bats
  2 frilled lizards
  7 kobolds
  8 rats
70 creatures vanquished.

Notes
Turn   | Place    | Note
-------+----------+-------------------------------------------
     0 | D:1      | Folque the Troll Monk began the quest for the Orb.
     0 | D:1      | Reached XP level 1. HP: 22/22 MP: 0/0
   213 | D:1      | Reached XP level 2. HP: 29/29 MP: 1/1
   551 | D:2      | Reached skill level 4 in Unarmed Combat
   551 | D:2      | Reached XP level 3. HP: 36/36 MP: 2/2
   688 | D:2      | Reached XP level 4. HP: 41/45 MP: 3/3
  1447 | D:3      | Found a radiant altar of Vehumet.
  1447 | D:3      | Found a shimmering altar of Xom.
  1449 | D:3      | Reached skill level 5 in Unarmed Combat
  1461 | D:3      | Found a snail-covered altar of Cheibriados.
  1461 | D:3      | Found a bloodstained altar of Trog.
  1472 | D:3      | Reached XP level 5. HP: 51/53 MP: 4/4
  2013 | D:4      | Reached XP level 6. HP: 33/61 MP: 5/5
  2028 | D:4      | Reached skill level 6 in Unarmed Combat
  2068 | D:4      | Noticed Duvessa
  2068 | D:4      | Noticed Dowan
  2099 | D:4      | Killed from afar by Dowan

Skill      XL: |  1  2  3  4  5  6 |
---------------+-------------------+-----
Unarmed Combat | 4 5 6 |  6.4
Fighting       | 3 |  3.1
Dodging        | 3 |  3.5
Stealth        | |  1.0

Action                   |  1- 3 |  4- 6 || total
-------------------------+-------+-------++-------
Melee: Unarmed           |    68 |   124 ||   192
       Punch             |     2 |     1 ||     3
Throw: Tomahawk          |       |    15 ||    15
  Use: Scroll            |     3 |       ||     3
       Potion            |       |     3 ||     3
 Stab: Sleeping          |       |     1 ||     1
  Eat: Chunk             |    11 |    14 ||    25
Armor: Robe              |    26 |    38 ||    64
Dodge: Dodged            |    28 |    58 ||    86
